 Dungeon Crawl Stone Soup version 0.23-a0-629-gae4348f (webtiles) character file.

3460 Gildeon the Markscentaur (level 9, -2/74 HPs)
             Began as a Centaur Hunter on Dec 24, 2018.
             Was an Elder of Okawaru.
             Slain by a wyvern (12 damage)
             ... on level 8 of the Dungeon on Dec 26, 2018.
             The game lasted 00:37:41 (6557 turns).

Gildeon the Markscentaur (Centaur Hunter)           Turns: 6557, Time: 00:37:42

Health: -2/74      AC:  9    Str: 17    XL:     9   Next: 78%
Magic:  11/11      EV:  9    Int: 10    God:    Okawaru [****..]
Gold:   359        SH:  0    Dex: 13    Spells: 6/8 levels left

rFire    . . .     SeeInvis .   a - +4 shortbow
rCold    . . .     Gourm    +   (shield currently unavailable)
rNeg     . . .     Faith    .   v - +0 ring mail
rPois    .         Spirit   .   l - +1 helmet
rElec    .         Reflect  .   u - +0 cloak
rCorr    .         Harm     .   (no gloves)
MR       +....                  (no barding)
Stlth    ..........             m - amulet of the gourmand
HPRegen  0.22/turn              h - ring of protection from magic
MPRegen  0.12/turn              x - +2 ring of strength

@: very quick
A: large, hooves 3, deformed body, speed 2, tough skin 3
a: Heroism, Renounce Religion


You were on level 8 of the Dungeon.
You worshipped Okawaru.
Okawaru was greatly pleased with you.
You were completely stuffed.

You visited 2 branches of the dungeon, and saw 9 of its levels.

You collected 359 gold pieces.

Inventory:

Hand Weapons
 a - a +4 shortbow (weapon)
 b - a +0 flail
Missiles
 k - 78 arrows (quivered)
Armour
 l - a +1 helmet (worn)
 u - a +0 cloak (worn)
 v - a +0 ring mail (worn)
Jewellery
 h - a ring of protection from magic (left hand)
 j - an uncursed ring of resist corrosion
 m - an amulet of the gourmand (around neck)
 x - a +2 ring of strength (right hand)
Wands
 c - a wand of flame (6)
 q - a wand of paralysis (9)
 z - a wand of iceblast (9)
 A - a wand of digging (5)
Scrolls
 g - 7 scrolls of remove curse
 i - 5 scrolls of teleportation
 n - a scroll of enchant armour
 s - a scroll of fog
 w - 7 scrolls of identify
 y - a scroll of amnesia
Potions
 d - a potion of cancellation
 e - a potion of ambrosia
 o - 4 potions of heal wounds
 r - a potion of flight
 t - 7 potions of curing
Comestibles
 f - 9 rations
 p - 2 chunks of flesh


   Skills:
 - Level 5.0 Fighting
 - Level 15.1 Bows
 + Level 1.7 Armour
 - Level 2.0 Dodging
 - Level 0.4 Stealth
 + Level 3.9 Invocations
 + Level 2.9 Evocations


You had 6 spell levels left.
You knew the following spells:

 Your Spells              Type           Power        Failure   Level  Hunger
a - Swiftness             Chrm/Air       #.......     71%         2    ###....

Your spell library contained the following spells:

 Spells                   Type           Power        Failure   Level  Hunger
 Mephitic Cloud           Conj/Pois/Air  #.......     90%         3    ####...
 Spectral Weapon          Hex/Chrm       #.......     90%         3    ####...
 Alistair's Intoxication  Tmut/Pois      #.......     100%        5    ######.
 Ring of Flames           Chrm/Fire      #.........   100%        7    #######


Dungeon Overview and Level Annotations

Branches:
Dungeon (8/15)             Temple (1/1) D:4            Lair (0/6) D:8

Altars:
Ashenzari
Cheibriados
Dithmenos
Elyvilon
Fedhas
Gozag
Hepliaklqana
Kikubaaqudgha
Makhleb
Nemelex Xobeh
Okawaru
Qazlal
Ru
Sif Muna
Trog
Uskayaw
Vehumet
Wu Jian
Xom
Yredelemnul
Zin
The Shining One

Shops:
D:8 }


Innate Abilities, Weirdness & Mutations

You have hooves in place of feet.
Armour fits poorly on your strangely shaped body.
You cover ground very quickly.
You have extremely tough skin. (AC +3)


Message History

The wyvern completely misses you.
Firing (i - inventory)
k - 80 arrows (quivered)
Press: ? - help, Shift-Dir - straight line, f/p - cyclops
Aim: a cyclops (moderately wounded)
You shoot an arrow.
The arrow hits the wyvern but does no damage.
The wyvern is severely wounded.
The ogre hits you with a +0 giant club!!
The wyvern bites you!
* * * LOW HITPOINT WARNING * * *
The shadow strikes at you from the darkness!
* * * LOW HITPOINT WARNING * * *
Reactivating autopickup.
Firing (i - inventory)
k - 79 arrows (quivered)
Press: ? - help, Shift-Dir - straight line, f/p - cyclops
Aim: a cyclops (moderately wounded)
You shoot an arrow. The arrow hits the wyvern.
The wyvern is severely wounded.
The wyvern bites you!
You die...

,,** ##.#** #####.###
**,, ,** #..,* #......#
**, ** ###** ######'# **
* ########.## * ******
###.[..##...# ******
,,,,,*
#.##.#####.##***,,,,,
,,,,,*
#)##(##.##÷##$#*,***,
,,**,*
#.....†.......#*,**,,
,***,*
#.##@##.##.##.#*,***,
,,,,,*
*****####l#####.#*,#*,*
** ****,* *,,,,*
#WO.#**$.[****** *
,,,,,*****,***##(##,*####
* ****,**,**,**,*#C#*,* *
,,,,,**,,,,,,,,...,,*
***********
*******,**,**,*#(#*,*
*,,,,,,,,** *
*,**,****#.#***
*,******,** *
***,,,**,..(* *,* *,**


You could see a cyclops, a wyvern, an ogre and a shadow.

Vanquished Creatures
  Pikel (D:6)
  Grinder (D:6)
  A hippogriff (D:7)
  A hungry ghost (D:8)
  A slave (D:6)
  3 sky beasts
  A necrophage (D:8)
  3 ogres (D:7)
  A phantom (D:5)
  4 centaurs
  A big kobold (D:7)
  3 bullfrogs
  A scorpion (D:5)
  A water moccasin skeleton (D:4)
  A wight (D:7)
  3 crimson imps
  3 howler monkeys (D:7)
  A jelly (D:6)
  4 hounds
  3 bullfrog skeletons
  Crazy Yiuf (D:4)
  A centaur skeleton (D:2)
  3 iguanas
  3 orc wizards
  Terence (D:3)
  4 worker ants
  A hound skeleton (D:7)
  A worker ant zombie (D:5)
  Robin (D:2)
  6 gnolls
  7 adders
  3 shadow imps
  An ooze (D:2)
  2 adder skeletons
  An adder zombie (D:8)
  3 worms
  5 dart slugs
  5 leopard geckos
  16 orcs
  A ball python (D:5)
  6 bats
  5 giant cockroaches
  9 goblins
  7 hobgoblins
  16 jackals
  A quokka (D:4)
  5 frilled lizards
  7 kobolds
  6 rats
166 creatures vanquished.

Notes
Turn   | Place    | Note
-------+----------+-------------------------------------------
     0 | D:1      | Gildeon the Centaur Hunter began the quest for the Orb.
     0 | D:1      | Reached XP level 1. HP: 17/17 MP: 1/1
    55 | D:1      | Reached XP level 2. HP: 22/24 MP: 2/2
   101 | D:1      | Reached skill level 6 in Bows
   888 | D:2      | Reached XP level 3. HP: 29/29 MP: 3/3
   898 | D:2      | Reached skill level 7 in Bows
   970 | D:2      | Noticed Robin
  1044 | D:2      | Killed Robin
  1044 | D:2      | Reached XP level 4. HP: 32/36 MP: 4/4
  1449 | D:2      | Reached skill level 8 in Bows
  1671 | D:3      | Reached XP level 5. HP: 40/41 MP: 5/5
  1835 | D:3      | Reached skill level 9 in Bows
  2029 | D:3      | Noticed Terence
  2037 | D:3      | Killed Terence
  2438 | D:4      | Reached XP level 6. HP: 48/48 MP: 6/6
  2529 | D:4      | Upgraded the game from 0.23-a0-625-g1d2cd9b to
                  | 0.23-a0-629-gae4348f
  2582 | D:4      | Reached skill level 10 in Bows
  2902 | D:4      | Found a shadowy altar of Dithmenos.
  3062 | D:4      | Found a staircase to the Ecumenical Temple.
  3067 | Temple   | Entered the Ecumenical Temple
  3070 | Temple   | Became a worshipper of Warmaster Okawaru
  3331 | D:4      | Found a runed door.
  3335 | D:4      | Noticed Crazy Yiuf
  3344 | D:4      | Killed Crazy Yiuf
  3608 | D:5      | Entered Level 5 of the Dungeon
  3685 | D:5      | Reached skill level 11 in Bows
  3685 | D:5      | Reached XP level 7. HP: 55/55 MP: 7/7
  4114 | D:5      | Reached * piety under Okawaru
  4146 | D:5      | Reached skill level 12 in Bows
  4318 | D:5      | Found a shadowy altar of Dithmenos.
  4638 | D:5      | Reached XP level 8. HP: 62/62 MP: 8/8
  4965 | D:6      | Noticed Pikel
  5065 | D:6      | Killed Pikel
  5065 | D:6      | Reached ** piety under Okawaru
  5065 | D:6      | Reached skill level 13 in Bows
  5208 | D:6      | Noticed Grinder
  5222 | D:6      | Killed Grinder
  5222 | D:6      | Reached skill level 14 in Bows
  5621 | D:7      | Reached *** piety under Okawaru
  5621 | D:7      | Reached XP level 9. HP: 67/73 MP: 9/9
  5664 | D:7      | Reached skill level 5 in Fighting
  5754 | D:7      | Reached skill level 1 in Invocations
  5780 | D:7      | Found a hide-covered altar of Uskayaw.
  6112 | D:7      | Received a gift from Okawaru
  6112 | D:7      | Reached skill level 1 in Armour
  6112 | D:7      | Reached skill level 1 in Evocations
  6130 | D:7      | Reached skill level 15 in Bows
  6205 | D:7      | Identified the Guide on Virous Protection
  6210 | D:7      | Learned a level 2 spell: Swiftness
  6427 | D:8      | Found Doucrud's Gadget Shoppe.
  6492 | D:8      | Reached **** piety under Okawaru
  6543 | D:8      | Noticed a cyclops
  6557 | D:8      | Slain by a wyvern

Vault maps used:
D:1:      wander_arrival_estate
D:2:      uniq_robin
D:3:      uniq_terence
D:4:      temple_doors_e, eino_curves_04, nicolae_dithmenos_shadow_blocks,
          uniq_crazy_yiuf_cottage
D:5:      first_ration, basic_altar
D:6:      uniq_grinder, uniq_pikel
D:7:      minmay_chambers_of_sevens, kennysheep_little_box
D:8:      hangedman_cross_veins, david_lair_shrubbed, serial_shops, shop_statue,
          enter_bailey_3, uniq_psyche
Temple:   dpeg_three_leaves_temple

Skill      XL: |  1  2  3  4  5  6  7  8  9 |
---------------+----------------------------+-----
Bows           | 6 7 8 9 11 12 14 15 | 15.1
Fighting       | 4 5 |  5.0
Invocations    | 3 |  3.9
Armour         | 1 |  1.7
Evocations     | 2 |  2.9
Dodging        | 2 |  2.0
Stealth        | |  0.4

Action                   |  1- 3 |  4- 6 |  7- 9 || total
-------------------------+-------+-------+-------++-------
Melee: Short sword       |       |    13 |       ||    13
       Kick              |       |     2 |       ||     2
 Fire: Shortbow          |    93 |   249 |   305 ||   647
Throw: Tomahawk          |       |     1 |       ||     1
Evoke: Wand              |       |       |    10 ||    10
  Use: Scroll            |       |    15 |     4 ||    19
  Eat: Chunk             |       |    27 |     7 ||    34
Armor: Leather armour    |    15 |    15 |       ||    30
       Ring mail         |       |    24 |    24 ||    48
Dodge: Dodged            |    16 |    35 |    24 ||    75

Table legend:
 A = Non-vault XP
 B = Vault XP
 C = Vault XP percentage of total XP
 D = Non-vault monster count
 E = Vault monster count
 F = Vault count percentage of total count
                 A         B        C        D         E       F
            +---------+---------+-------+---------+---------+-------
      Total |    2431 |    2512 |  50.8 |     128 |      37 |  22.4
            +---------+---------+-------+---------+---------+-------
        D:1 |      33 |       0 |   0.0 |      18 |       0 |   0.0
        D:2 |     122 |      36 |  22.8 |      22 |      12 |  35.3
        D:3 |     128 |      36 |  22.0 |      27 |       1 |   3.6
        D:4 |     228 |      41 |  15.2 |      12 |       1 |   7.7
        D:5 |     855 |       0 |   0.0 |      22 |       0 |   0.0
        D:6 |     297 |     915 |  75.5 |      10 |       2 |  16.7
        D:7 |     712 |    1008 |  58.6 |      14 |      13 |  48.1
        D:8 |      56 |     476 |  89.5 |       3 |       8 |  72.7
            +---------+---------+-------+---------+---------+-------
